 Dungeon Crawl Stone Soup version 0.27-a0-898-g810843a28d (webtiles) character file.

Game seed: 7568618100780212602

44 Lanoc the Grave Robber (level 3, 0/26 HPs)
             Began as a Formicid Necromancer on Apr 6, 2021.
             Was a Follower of Elyvilon.
             Succumbed to an adder's poison
             ... on level 2 of the Dungeon.
             The game lasted 00:01:59 (2698 turns).

Lanoc the Grave Robber (Formicid Necromancer)       Turns: 2698, Time: 00:02:00

Health: 0/26       AC:  2    Str: 12    XL:     3   Next: 87%
Magic:  6/6        EV: 12    Int: 15    God:    Elyvilon [*.....]
Gold:   52         SH:  0    Dex: 11    Spells: 4/6 levels left

rFire    . . .     SeeInvis +   g - +0 dagger (flame)
rCold    . . .     Faith    .   (no shield)
rNeg     . . .     Spirit   .   a - +0 robe
rPois    +         Reflect  .   (helmet unavailable)
rElec    .         Harm     .   (no cloak)
rCorr    .         Rampage  .   (no gloves)
Will     .....                  (no boots)
Stlth    ++........             (no amulet)
HPRegen  0.08/turn              e - ring of poison resistance
MPRegen  0.10/turn              (no ring)

@: lethally poisoned (0 -> -7)
A: permanent stasis, dig shafts and tunnels, antennae 3, four strong arms
a: Dig, Shaft Self, Renounce Religion, Lesser Healing, Divine Protection


You were on level 2 of the Dungeon.
You worshipped Elyvilon.
Elyvilon was aware of your devotion.
You visited 1 branch of the dungeon, and saw 2 of its levels.

You collected 52 gold pieces.

Inventory:

Hand Weapons
 g - a +0 dagger of flaming (weapon)
Armour
 a - a +0 robe (worn)
Jewellery
 e - a ring of poison resistance (left hand)
Scrolls
 c - a scroll of teleportation {unknown}
 i - a scroll of enchant weapon {unknown}
 j - a scroll of brand weapon {unknown}
 l - a scroll of identify {unknown}
Potions
 b - 2 potions of curing {unknown}
 d - a potion of heal wounds {unknown}
 f - a potion of attraction {unknown}
 h - a potion of magic {unknown}
 k - a potion of cancellation {unknown}


   Skills:
 + Level 1.0 Fighting
 + Level 2.5 Dodging
 - Level 2.4 Stealth
 - Level 2.1 Spellcasting
 - Level 4.6 Necromancy


You had 4 spell levels left.
You knew the following spells:

 Your Spells              Type           Power      Damage    Failure   Level
a - Pain                  Necr           60%        1d7       3%          1
b - Animate Skeleton      Necr           30%        N/A       3%          1

Your spell library contained the following spells:

 Spells                   Type           Power      Damage    Failure   Level
 Vampiric Draining        Necr           7%         2d7       10%         3
 Magic Dart               Conj           4%         1d3       22%         1
 Searing Ray              Conj           2%         3d3       32%         2
 Animate Dead             Necr           7%         N/A       32%         4
 Dazzling Flash           Conj/Hex       2%         N/A       54%         3
 Fulminant Prism          Conj/Hex       0%         3d6       91%         4
 Iskenderun's Mystic Bla  Conj/Tloc      1%         2d3       91%         4
 Agony                    Necr           15%        N/A       65%         5


Dungeon Overview and Level Annotations

Branches:
Dungeon (2/15)

Altars:
Elyvilon


Innate Abilities, Weirdness & Mutations

You cannot be hasted, slowed, berserked, paralysed or teleported.
You can dig through walls and to a lower floor.
You have a pair of large antennae on your head. (SInv)
Your four strong arms can wield two-handed weapons with a shield.


Message History

Found a whip.
b - 2 dark potions (gained 1)
An adder comes into view.
The adder hisses angrily.
You miss the adder. The adder bites you.
You closely miss the adder. The adder bites you but does no damage.
The adder misses you.
You completely miss the adder. The adder closely misses you.
You barely miss the adder. The adder bites you.
You closely miss the adder. The adder bites you.
You are poisoned.
The adder poisons you! The adder bites you.
You hit the adder. You burn the adder.
The adder is moderately wounded.
You feel sick. The adder completely misses you.
You miss the adder.
The adder is moderately wounded.
You feel sick. The adder barely misses you.
You are too injured to fight recklessly!
You are too injured to fight recklessly!
You are too injured to fight recklessly!
You are too injured to fight recklessly!
You are too injured to fight recklessly!
You are too injured to fight recklessly!
You are too injured to fight recklessly!
You are too injured to fight recklessly!
You hit the adder. You burn the adder.
The adder is heavily wounded.
You feel sick. The adder bites you. x2
* * * LOW HITPOINT WARNING * * *
You are more poisoned.
The adder poisons you!
You miss the adder.
The adder is heavily wounded.
* * * LOW HITPOINT WARNING * * *
You feel very sick. The adder barely misses you.
You barely miss the adder.
The adder is heavily wounded.
You die...

....# ....#
#.......# ....#
#.......# ....#
#.......# ....#
#.......# #.###
#.......# #.#
#.......# #.#
#...S...# #.##
#...@..)# #..#
#.......# ##.#
#.......# ##<#
##.#.####
.#.###########.#.#
............(#.#.#
###..........#>#.#
.............#...#
........<....#..##


You could see an adder.

Vanquished Creatures
  An adder (D:2)
  2 dart slugs
  A ball python (D:1)
  5 endoplasms
  2 giant cockroaches (D:2)
  4 goblins
  4 hobgoblins (D:1)
  A kobold (D:1)
  A quokka (D:2)
  5 bats
  A frilled lizard (D:1)
  A rat (D:2)
28 creatures vanquished.

Vanquished Creatures (others)
  A plant (D:1)
1 creature vanquished.

Grand Total: 29 creatures vanquished

Notes
Turn   | Place    | Note
-------+----------+-------------------------------------------
     0 | D:1      | Lanoc the Formicid Necromancer began the quest for the Orb.
     0 | D:1      | Reached XP level 1. HP: 13/13 MP: 3/3
   106 | D:1      | Learned a level 1 spell: Animate Skeleton
   736 | D:1      | Reached XP level 2. HP: 18/19 MP: 3/5
  1511 | D:1      | Reached XP level 3. HP: 23/24 MP: 4/6
  1896 | D:2      | Found a faded altar of an unknown god.
  1905 | D:2      | Became a worshipper of Elyvilon the Healer
  1905 | D:2      | Reached * piety under Elyvilon
  2109 | D:2      | Found a white marble altar of Elyvilon.
  2232 | D:2      | Reached skill level 1 in Fighting
  2697 | D:2      | HP: 1/26 [poisoned by an adder]
  2698 | D:2      | Succumbed to an adder's poison

Illustrated notes

Levels and vault maps discovered:
D:1:      roderic_crop_circles_arrival_small, layout_basic
D:2:      layout_rooms, basic_altar, ebering_ecumenical_altar_ruins

Skill      XL: |  1  2  3 |
---------------+----------+-----
Dodging        | 2 |  2.5
Fighting       | 1 |  1.0
Stealth        | |  2.4
Spellcasting   | |  2.1
Necromancy     | |  4.6

Action                   || total
-------------------------++-------
Melee: Unarmed           ||    13
       Dagger            ||    65
 Cast: Pain              ||    35
 Stab: Sleeping          ||     1
Armor: Robe              ||    15
Dodge: Dodged            ||    47

Table legend: (Time is in decaauts)
 A = Elapsed time spent in this place.
 B = Non-inter-level travel time spent in this place.
 C = Inter-level travel time spent in this place.
 D = Time resting spent in this place.
 E = Time spent auto-exploring this place.
 F = Levels seen in this place.
 G = Mean time per level.
                   A        B        C        D        E       F      G
               +--------+--------+--------+--------+--------+-----+--------+
         Total |   2696 |   2681 |     15 |      0 |   2443 |   2 | 1348.0 |
       Dungeon |   2696 |   2681 |     15 |      0 |   2443 |   2 | 1348.0 |
               +--------+--------+--------+--------+--------+-----+--------+

Top non-repeatable levels by time:
     D:1: 1859 daAuts
     D:2: 837 daAuts
